 Dungeon Crawl Stone Soup version 0.17-a0-1714-g35622ae (webtiles) character file.

5879 abixa the Grappler (level 10, -4/64 HPs)
             Began as a Gargoyle Fighter on Aug 23, 2015.
             Was a Priest of Okawaru.
             Killed by divine providence
             ... invoked by an orc priest
              (10 damage)
             ... on level 8 of the Dungeon.
             The game lasted 00:49:47 (11258 turns).

abixa the Grappler (Gargoyle Fighter)              Turns: 11258, Time: 00:49:47

Health: -4/64      AC: 19    Str: 20    XL:     10   Next: 81%
Magic:  11/11      EV:  5    Int: 12    God:    Okawaru [***...]
Gold:   13         SH:  9    Dex:  9    Spells: 0 memorised, 9 levels left

rFire  + . .     SeeInvis .       - Unarmed
rCold  . . .     Clarity  .     D - +0 chain mail
rNeg   + . .     SustAt   .     F - +0 shield
rPois  ∞         Gourm    .     (no helmet)
rElec  +         Spirit   .     (no cloak)
rCorr  .         Warding  .     y - +0 pair of gloves
rMut   +         Stasis   .     (no boots)
MR     .....                    H - amulet of resist mutation
Stlth  ..........               (no ring)
                                A - ring of protection from fire

@: not resistant to hostile enchantments, extremely unstealthy
A: negative energy resistance 1, electricity resistance, unbreathing,
petrification resistance, rot immunity, AC +7
a: Heroism, Renounce Religion


You were on level 8 of the Dungeon.
You worshipped Okawaru.
Okawaru was most pleased with you.
You were hungry.

You visited 2 branches of the dungeon, and saw 11 of its levels.
You also visited: Bailey.

You collected 13 gold pieces.

Inventory:

Hand weapons
 C - a +1 dagger of venom
 E - a +0 trident
Missiles
 g - 183 stones
 h - 53 poisoned needles
 v - 27 silver sling bullets
 w - 11 exploding sling bullets
 I - 3 tomahawks of returning (quivered)
 R - 8 sling bullets
 T - 4 tomahawks
Armour
 a - a cursed +0 leather armour
 l - a +0 plate armour
 y - a +0 pair of gloves (worn)
 D - a +0 chain mail (worn)
 F - a +0 shield (worn)
 X - a +0 leather armour of fire resistance
Jewellery
 A - a ring of protection from fire (left hand)
 H - an amulet of resist mutation (around neck)
Magical devices
 b - a wand of confusion (24)
 K - a wand of draining (0)
 N - a wand of magic darts (14)
 V - a wand of fire (0)
Scrolls
 f - 7 scrolls of enchant weapon
 i - 5 scrolls of recharging
 k - a scroll of amnesia
 n - a scroll of noise {unknown}
 o - 2 scrolls of remove curse
 q - 2 scrolls of blinking {unknown}
 r - a scroll of teleportation
 t - 7 scrolls of enchant armour
 u - a scroll of magic mapping
 x - 2 scrolls of fog
 L - a scroll of identify
Potions
 c - a potion of might
 e - a potion of resistance
 j - a potion of experience {unknown}
 m - a potion of magic {unknown}
 z - 4 potions of heal wounds {unknown}
 B - 3 potions of curing
 G - a potion of ambrosia {unknown}
 J - a potion of degeneration {unknown}
 M - a potion of agility
 P - a potion of invisibility {unknown}
Books
 O - a book of Debilitation

   Spells                             Type                      Level
   a - Corona                         Hexes                        1
   b - Slow                           Hexes                        2
   c - Gell's Gravitas                Hexes/Translocation          3
   d - Inner Flame                    Hexes/Fire                   3
   e - Cause Fear                     Hexes                        4
   f - Leda's Liquefaction            Hexes/Earth                  4
Comestibles
 d - 6 bread rations
 p - 10 meat rations
 S - 3 beef jerkies


   Skills:
 + Level 8.3 Fighting
 + Level 7.7 Armour
 - Level 4.0 Shields
 * Level 12.4 Unarmed Combat
 - Level 1.8 Invocations


You had 9 spell levels left.
You didn't know any spells.

Dungeon Overview and Level Annotations

Branches:
Dungeon (10/15)            Temple (1/1) D:6
   Lair: D:8-11         Orc: D:9-12

Altars:
Ashenzari
Cheibriados
Dithmenos
Elyvilon
Fedhas
Gozag
Kikubaaqudgha
Makhleb
Nemelex Xobeh
Okawaru
Qazlal
Ru
Sif Muna
Trog
Vehumet
Xom
Yredelemnul
Zin
The Shining One

Shops:
D:3 *   D:8 }

Annotations:
D:5 bohran's ghost, experienced GrEE
D:8 Grum


Innate Abilities, Weirdness & Mutations

You are resistant to torment.
Your stone body is resilient (AC +7).
You are immune to poison.
You resist negative energy.
You are resistant to electric shocks.
You can survive without breathing.
You are immune to petrification.
You are immune to rotting.


Message History

Grum barely misses you.
You closely miss Grum.
Grum is heavily wounded.
The orc priest hits you but does no damage.
You closely miss Grum.
Grum is heavily wounded.
Grum hits you but does no damage.
The orc priest hits you but does no damage.
Grum hits you from afar with a halberd.
There is an open door here.
The orc priest invokes the aid of Beogh against you.
Something smites you!
* * * LOW HITPOINT WARNING * * *
There is an open door here.
The orc priest invokes the aid of Beogh against you.
Something smites you!
* * * LOW HITPOINT WARNING * * *
The orc priest calls down the wrath of Beogh upon you.
Something smites you!
You die...

#.....##+#...................#'###o
............####'.#'###'#....>.....
............+......<....#..........
............#.......)...#..........
.......))...##..###..#..#..........
....###[##'###+####.#...#....#'####
....'...'..g.#...#..#...#..>.'.....
....#...#....o...#(.#...#....#.....
....#...#....#...@..'...+....#.....
....#...#....#...#..#...#....#.....
...,#...###.###.#######'#....###+##
##+##...###.###.######..#..........
..........'.............+..........
..........#.............#..........
...#####'##'###.........#..........
#'##..........#.........#..........
..............#..####'#####+####...


You could see Grum and an orc priest.

Vanquished Creatures
  3 orc knights (Bailey)
  Maurice (D:8)
  A troll (D:9)
  Sigmund (D:4)
  2 wolves (D:8)
  Duvessa (D:4)
  2 ice beasts
  An ogre (D:7)
  12 orc warriors
  2 phantoms
  A sky beast (D:8)
  A necrophage (D:7)
  3 centaurs
  A crocodile (D:6)
  A gnoll sergeant (D:8)
  2 giant frogs
  Dowan (D:3)
  A hound (D:8)
  2 crimson imps
  5 orc priests
  A centaur zombie (D:8)
  2 jellies (D:7)
  2 iguanas
  A centaur skeleton (D:4)
  6 worker ants
  A giant frog skeleton (D:6)
  Natasha (thrice) (D:3)
  4 orc wizards
  A killer bee zombie (D:5)
  A hound skeleton (D:4)
  12 adders
  4 gnolls
  A shadow imp (D:5)
  An ooze (D:6)
  An adder skeleton (D:7)
  8 worms
  4 giant geckos
  60 orcs
  4 giant cockroaches
  9 hobgoblins
  8 jackals
  17 kobolds
  3 quokkas
  A ball python (D:3)
  12 bats
  8 giant newts
  7 goblins
  14 rats
240 creatures vanquished.

Notes
Turn   | Place    | Note
--------------------------------------------------------------
     0 | D:1      | abixa the Gargoyle Fighter began the quest for the Orb.
     0 | D:1      | Reached XP level 1. HP: 14/14 MP: 1/1
   243 | D:1      | Reached XP level 2. HP: 19/19 MP: 2/2
   903 | D:2      | Reached XP level 3. HP: 20/23 MP: 3/3
  1156 | D:2      | Reached skill level 4 in Unarmed Combat
  1216 | D:2      | Reached XP level 4. HP: 28/28 MP: 4/4
  1916 | D:3      | Reached skill level 5 in Unarmed Combat
  1927 | D:3      | Reached XP level 5. HP: 28/32 MP: 5/5
  1935 | D:3      | Found a faded altar to an unknown god.
  2088 | D:3      | Found Zin's Purification Station.
  2093 | D:3      | Found a glowing silver altar of Zin.
  2297 | D:3      | Found a white marble altar of Elyvilon.
  2990 | D:3      | Reached skill level 6 in Unarmed Combat
  2990 | D:3      | Reached XP level 6. HP: 37/37 MP: 6/6
  2994 | D:3      | Noticed Natasha
  3006 | D:3      | Killed Natasha
  3041 | D:3      | Noticed Natasha
  3047 | D:3      | Killed Natasha
  3195 | D:3      | Noticed Natasha
  3202 | D:3      | Killed Natasha
  3211 | D:4      | Noticed Duvessa
  3211 | D:4      | Noticed Dowan
  3436 | D:4      | Found a sacrificial altar of Ru.
  3517 | D:4      | Reached skill level 7 in Unarmed Combat
  3744 | D:4      | Reached XP level 7. HP: 35/41 MP: 7/7
  3760 | D:4      | Noticed Sigmund
  3776 | D:4      | Killed Duvessa
  3799 | D:3      | Killed Dowan
  4050 | D:4      | Killed Sigmund
  4106 | D:4      | Found a sparkling altar of Nemelex Xobeh.
  4499 | D:5      | Entered Level 5 of the Dungeon
  4538 | D:5      | Reached skill level 8 in Unarmed Combat
  4582 | D:5      | Found a snail-covered altar of Cheibriados.
  4640 | D:5      | Reached XP level 8. HP: 33/48 MP: 8/8
  4994 | D:5      | Noticed bohran's ghost (experienced GrEE)
  5381 | D:5      | Identified Attur's Handbook of Venomous Augmentations
  5385 | D:5      | Found a radiant altar of Vehumet.
  5703 | D:6      | Found a staircase to the Ecumenical Temple.
  5865 | D:6      | Reached skill level 5 in Fighting
  5865 | D:6      | Reached skill level 5 in Armour
  5987 | D:6      | Found an opulent altar of Gozag.
  6062 | Temple   | Entered the Ecumenical Temple
  6134 | Temple   | Became a worshipper of Warmaster Okawaru
  6260 | D:6      | Found a basalt altar of Yredelemnul.
  6263 | D:6      | Found a stormy altar of Qazlal.
  6307 | D:6      | Found a shimmering altar of Xom.
  6589 | D:6      | Reached skill level 9 in Unarmed Combat
  7016 | D:7      | You fall through a shaft for 3 floors!
  7016 | D:10     | Entered Level 10 of the Dungeon
  7050 | D:9      | Noticed a troll
  7089 | D:9      | Killed a troll
  7089 | D:9      | Acquired Okawaru's first power
  7089 | D:9      | Reached XP level 9. HP: 36/56 MP: 9/9
  7310 | D:8      | Found Qeib's Gadget Boutique.
  7357 | D:8      | Found a flagged portal.
  7483 | Bailey   | Entered a bailey
  7530 | Bailey   | Reached skill level 1 in Invocations
  8301 | Bailey   | Noticed an orc knight
  8341 | Bailey   | Reached skill level 10 in Unarmed Combat
  8476 | Bailey   | Killed an orc knight
  8498 | Bailey   | Reached skill level 11 in Unarmed Combat
  8599 | Bailey   | Noticed an orc knight
  8618 | Bailey   | HP: 2/56 [gnoll/spear[an orc] (2)]
  8823 | Bailey   | Killed an orc knight
  8823 | Bailey   | Reached XP level 10. HP: 14/63 MP: 9/11
  9139 | Bailey   | HP: 2/63 [orc warrior/glaive (12)]
  9491 | Bailey   | Noticed an orc knight
  9550 | Bailey   | Killed an orc knight
 10074 | D:7      | Found a stormy altar of Qazlal.
 10167 | D:7      | Found an ancient bone altar of Kikubaaqudgha.
 10264 | D:8      | Noticed Maurice
 10329 | D:8      | Killed Maurice
 10329 | D:8      | Reached skill level 12 in Unarmed Combat
 10618 | D:8      | Noticed Grum
 11258 | D:8      | Killed from afar by an orc priest

Vault maps used:
D:1:      dpeg_arrival_chase, dk_noncrumbling_3
D:2:      first_bread
D:3:      elyvilon_altar_3, zin_purify, ecumenical_altar_1,
          minmay_close_crescents, uniq_natasha
D:4:      nemelex_deck, nicolae_ru_sacrificial_ziggurat, uniq_duvessa,
          uniq_sigmund
D:5:      lemuel_coloured_pillars_altar, cheibriados_altar_1
D:6:      lemuel_crystal_altar, xom_teletrap_fun, minmay_temple_entry_trees,
          basic_altar, grunt_qazlal_clouds
D:7:      lemuel_round_altar, lemuel_doored_altar
D:8:      serial_shops, shop, enter_bailey_2, item_on_display_a, uniq_grum,
          uniq_maurice
D:9:      basic_altar
Temple:   chambers_temple_10
Bailey:   bailey_polearm_5, bailey

Action                   |  1- 3 |  4- 6 |  7- 9 | 10-12 || total
-------------------------+-------+-------+-------+-------++-------
Melee: Unarmed           |   199 |   368 |   380 |   233 ||  1180
       Dagger            |       |       |       |    20 ||    20
 Fire: Blowgun           |       |       |    79 |    11 ||    90
Throw: Tomahawk          |       |       |     4 |       ||     4
       Stone             |       |       |     2 |       ||     2
Invok: Heroism           |       |       |     4 |     2 ||     6
Evoke: Wand              |       |       |     6 |       ||     6
  Use: Scroll            |       |       |    13 |       ||    13
       Potion            |       |       |       |     1 ||     1
 Stab: Distracted        |       |       |     1 |       ||     1
  Eat: Chunk             |     1 |     9 |    15 |     9 ||    34
